 Dungeon Crawl Stone Soup version 0.19.5 (webtiles) character file.

2263 Peloso the Carver (level 9, -8/78 HPs)
             Began as a Minotaur Fighter on Apr 12, 2017.
             Was an Elder of Okawaru.
             Incinerated by toffzen's ghost (9 damage)
             ... with a sticky flame
             ... on level 6 of the Dungeon.
             The game lasted 00:11:03 (4947 turns).

Peloso the Carver (Minotaur Fighter)                Turns: 4947, Time: 00:11:03

Health: -8/78      AC: 13    Str: 23    XL:     9   Next: 15%
Magic:  7/8        EV:  8    Int:  5    God:    Okawaru [****..]
Gold:   324        SH: 11    Dex: 11    Spells: 0 memorised, 8 levels left

rFire  x . .     SeeInvis .     a - +1 long sword
rCold  + . .     Gourm    .     e - +0 chain mail
rNeg   + . .     Faith    .     c - +0 shield
rPois  +         Spirit   .     (helmet restricted)
rElec  .         Reflect  .     r - +0 cloak {rPois}
rCorr  .         Harm     .     (no gloves)
MR     .....                    (no boots)
Stlth  ..........               (no amulet)
                                t - ring of ice
                                j - ring of positive energy

@: liquid flames, glowing, drained, invisible (but backlit and visible)
A: retaliatory headbutt, horns 2, thin metallic scales 1
a: Heroism, Renounce Religion


You were on level 6 of the Dungeon.
You worshipped Okawaru.
Okawaru was greatly pleased with you.
You were not hungry.

You visited 1 branch of the dungeon, and saw 7 of its levels.

You collected 324 gold pieces.

Inventory:

Hand Weapons
 a - a +1 long sword (weapon)
 y - a +2 hand axe of flaming
Armour
 b - a +0 scale mail
 c - a +0 shield (worn)
 e - a +0 chain mail (worn)
 r - a +0 cloak of poison resistance (worn)
Jewellery
 j - a ring of positive energy (left hand)
 s - a +3 ring of evasion
 t - a ring of ice (right hand)
 v - an uncursed ring of positive energy
Wands
 n - a wand of digging (13/24)
Scrolls
 g - 2 scrolls of teleportation
 i - 4 scrolls of remove curse
 k - 3 scrolls of recharging
 q - a scroll of fog
 w - 2 scrolls of enchant armour {unknown}
 x - 2 scrolls of identify
 C - a scroll of enchant weapon
Potions
 d - 4 potions of might
 l - a potion of heal wounds {unknown}
 m - a potion of flight
 o - a potion of curing {unknown}
 z - 2 potions of invisibility
 A - a potion of agility {unknown}
 B - 2 potions of brilliance
Comestibles
 f - 5 bread rations
 h - 2 fruits
 p - a slice of pizza
 u - a beef jerky


   Skills:
 + Level 6.6(6.2) Fighting
 + Level 9.2(8.8) Long Blades
 + Level 7.0(6.7) Armour
 + Level 3.2(2.9) Dodging
 + Level 0.3(0.0) Stealth
 + Level 8.0(7.6) Shields


You had 8 spell levels left.
You didn't know any spells.

Dungeon Overview and Level Annotations

Branches:
Dungeon (7/15)
 Temple: D:4-7

Altars:
Elyvilon
Gozag
Makhleb
Okawaru
Ru
Zin

Annotations:
D:7 toffzen's ghost, novice DrFE


Innate Abilities, Weirdness & Mutations

You reflexively headbutt those who attack you in melee.
You have a pair of horns on your head.
You are partially covered in thin metallic scales. (AC +2)


Message History

You are covered in liquid flames!
Toffzen's ghost sprays you with burning goo.
The sticky flame hits you! The fire burns you terribly!
You are covered in liquid flames!
You are covered in liquid flames!
Toffzen's ghost hits you.
There is a stone staircase leading up here.
You see here 2 arrows.
You are covered in liquid flames!
* * * LOW HITPOINT WARNING * * *
Toffzen's ghost hits you but does no damage.
You climb upwards.
You are covered in liquid flames!
* * * LOW HITPOINT WARNING * * *
There is a stone staircase leading down here.
You are on fire!
It was a potion of invisibility.
You become transparent, but the glow from your liquid flames prevents you from becoming completely invisible.
You are covered in liquid flames!
You die...

##.###.# #.# #####.†.##.# #.#
...##...##.# #.# .###.....#.#
#.## .###.....### #..#
##....8....### ##.#
......#......### #.# #
....8###8....._#########(# #
......#).....###@......#(# #
##....8....###########.#(# #
####.....####.########.#(# ##
#
#.....#.##............#######.
#
##...##.###########..)........
#...#........(......########.
##.##.....######.#........###
#_#.#.##..........#.####....
#######.########.#.#.# #####


There were no monsters in sight!

Vanquished Creatures
  A water moccasin (D:7)
  A black bear (D:5)
  An ice beast (D:6)
  3 ogres
  2 centaurs
  5 bullfrogs
  A water moccasin zombie (D:7)
  2 scorpions
  4 crimson imps
  A centaur zombie (D:5)
  A quasit (D:6)
  5 orc priests
  5 hounds
  Crazy Yiuf (D:2)
  10 orc wizards
  Natasha (thrice) (D:3)
  A worker ant (D:6)
  4 gnolls (D:3)
  2 adders (D:7)
  A shadow imp (D:6)
  An ooze (D:2)
  4 worms
  3 dart slugs
  4 leopard geckos
  26 orcs
  4 giant cockroaches
  5 goblins
  8 hobgoblins
  5 jackals
  4 quokkas
  4 ball pythons
  3 bats
  6 frilled lizards
  A jackal skeleton (D:5)
  A jackal zombie (D:6)
  9 kobolds
  3 rats
145 creatures vanquished.

Notes
Turn   | Place    | Note
-------+----------+-------------------------------------------
     0 | D:1      | Peloso the Minotaur Fighter began the quest for the Orb.
     0 | D:1      | Reached XP level 1. HP: 19/19 MP: 0/0
   280 | D:1      | Reached XP level 2. HP: 21/27 MP: 1/1
   392 | D:1      | Gained mutation: You are partially covered in thin metallic scales. (AC +2) [potion of beneficial mutation]
   520 | D:1      | Reached skill level 3 in Long Blades
   520 | D:1      | Reached XP level 3. HP: 33/33 MP: 2/2
  1243 | D:2      | Found a runed door.
  1319 | D:2      | Found an iron altar of Okawaru.
  1334 | D:2      | Became a worshipper of Warmaster Okawaru
  1446 | D:2      | Noticed Crazy Yiuf
  1451 | D:2      | Killed Crazy Yiuf
  1451 | D:2      | Reached XP level 4. HP: 21/40 MP: 3/3
  1558 | D:3      | Reached skill level 4 in Long Blades
  1633 | D:3      | Noticed Natasha
  1639 | D:3      | Killed Natasha
  1639 | D:3      | Reached XP level 5. HP: 40/46 MP: 4/4
  1688 | D:3      | Noticed Natasha
  1693 | D:3      | Killed Natasha
  1693 | D:3      | Reached * piety under Okawaru
  1811 | D:3      | Noticed Natasha
  1825 | D:3      | Reached skill level 5 in Shields
  1826 | D:3      | Killed Natasha
  1826 | D:3      | Reached skill level 5 in Armour
  1826 | D:3      | Reached skill level 1 in Dodging
  1826 | D:3      | Reached XP level 6. HP: 12/53 MP: 5/5
  1828 | D:3      | HP: 2/53 [poisoned by an orc wizard]
  2040 | D:3      | Reached skill level 5 in Long Blades
  2470 | D:4      | Found a white marble altar of Elyvilon.
  2474 | D:4      | Found a burning altar of Makhleb.
  2804 | D:5      | Entered Level 5 of the Dungeon
  2893 | D:5      | Reached XP level 7. HP: 57/60 MP: 6/6
  2941 | D:5      | Reached ** piety under Okawaru
  2959 | D:5      | Reached skill level 5 in Fighting
  3123 | D:5      | Reached skill level 6 in Long Blades
  3767 | D:6      | Reached XP level 8. HP: 69/69 MP: 7/7
  3849 | D:6      | Reached skill level 7 in Long Blades
  4017 | D:6      | Reached *** piety under Okawaru
  4221 | D:6      | Reached skill level 8 in Long Blades
  4235 | D:6      | Found a glowing silver altar of Zin.
  4239 | D:6      | Found a sacrificial altar of Ru.
  4244 | D:6      | Found an opulent altar of Gozag.
  4785 | D:7      | Reached XP level 9. HP: 78/78 MP: 8/8
  4796 | D:7      | Reached skill level 9 in Long Blades
  4804 | D:7      | Noticed toffzen's ghost (novice DrFE)
  4806 | D:7      | Reached **** piety under Okawaru
  4946 | D:6      | HP: 1/78 [burnt (18)]
  4947 | D:6      | Incinerated by toffzen's ghost

Skill      XL: |  1  2  3  4  5  6  7  8  9 |
---------------+----------------------------+-----
Armour         | 4 5 6 7 |  7.0
Shields        | 4 5 6 7 8 |  8.0
Long Blades    | 3 4 5 6 8 9 |  9.2
Fighting       | 4 5 6 |  6.6
Dodging        | 1 2 3 |  3.2
Stealth        | |  0.3

Action                   |  1- 3 |  4- 6 |  7- 9 || total
-------------------------+-------+-------+-------++-------
Melee: Long sword        |   101 |   141 |   242 ||   484
       Headbutt          |    17 |    18 |    50 ||    85
Invok: Heroism           |       |       |     1 ||     1
  Use: Potion            |     1 |     5 |     1 ||     7
       Scroll            |       |     7 |     5 ||    12
  Eat: Chunk             |       |     4 |     8 ||    12
       Beef jerky        |       |     1 |       ||     1
Armor: Scale mail        |    35 |    47 |       ||    82
       Chain mail        |       |    35 |   123 ||   158
Dodge: Dodged            |    39 |    41 |    70 ||   150
Block: Shield            |    76 |    67 |   118 ||   261
       Rpst.: Long sword |     8 |     7 |    19 ||    34
